 Dungeon Crawl Stone Soup version 0.30-a0-365-ge7f957f1db (webtiles) character file.

Game seed: 17285625162192999796

8190 sanka the Nimble (level 11, -4/85 HPs)
             Began as a Djinni Summoner on Nov 15, 2022.
             Slain by an orc warlord
             ... wielding a +5 battleaxe
              (33 damage)
             ... in a bailey on Nov 16, 2022.
             The game lasted 00:31:48 (9952 turns).

sanka the Nimble (Djinni Summoner)                  Turns: 9952, Time: 00:31:50

Health: -4/85      AC: 11    Str:  7    XL:     11   Next: 51%
Gold:   821        EV: 20    Int: 22    God:
                   SH:  0    Dex: 13

rFire   + + +      SeeInvis .    L - +1 hand axe (elec)
rCold   + + .      Faith    .    (no shield)
rNeg    . . .      Spirit   .    B - +0 robe {rC+ rF+}
rPois   ∞          Reflect  .    F - +2 helmet
rElec   .          Harm     .    S - +0 cloak
rCorr   .          Rampage  .    l - +0 pair of gloves
Will    +....                    (boots unavailable)
Stlth   ++........               t - amulet of Lacoot {RegenMP rC++}
HPRegen 0.34/turn                O - +4 ring of protection
MPRegen 0.00/turn                R - +4 ring of evasion

@: flying
A: sickness immunity, fire resistance 2, cold vulnerability 1, float, innate
caster, HP casting, extra vitality 1
a: no special abilities


You were in a bailey.
You visited 2 branches of the dungeon, and saw 11 of its levels.
You also visited: Bailey.

You collected 821 gold pieces.


Innate Abilities, Weirdness & Mutations

You are immune to sickness and miasma.
You are immune to poison.
Your flesh is very heat resistant. (rF++)
You are vulnerable to cold. (rC-)
You float through the air rather than walking.
You learn spells naturally, not from books.
Your magical power is your life essence.
You have superior vitality. (+4 MHP)


   Skills:
 + Level 9.9 Fighting
 + Level 10.3 Dodging
 - Level 1.5 Stealth
 - Level 9.0 Spellcasting


You had 3 spell levels left.
You knew the following spells:

 Your Spells              Type           Power      Damage    Failure   Level
c - Call Canine Familiar  Summ           49%        N/A       1%          3
e - Apportation           Tloc           98%        N/A       1%          1
i - Fulminant Prism       Conj/Hex       24%        3d12      1%          4
u - Teleport Other        Tloc           49%        N/A       1%          3
x - Call Imp              Summ           49%        N/A       1%          2
y - Momentum Strike       Conj/Tloc      98%        3d10      1%          2
z - Summon Small Mammal   Summ           100%       N/A       1%          1
N - Passwall              Tmut/Erth      40%        N/A       1%          2
X - Summon Lightning Spi  Summ/Air       49%        N/A       1%          4
Z - Summon Guardian Gole  Hex/Summ       49%        N/A       1%          3
Your spell library was empty.

Inventory:

Hand Weapons
 L - a +1 hand axe of electrocution (weapon)
Armour
 l - a +0 pair of gloves (worn)
 B - a +0 robe of resistance (worn)
 F - a +2 helmet (worn)
 S - a +0 cloak (worn)
Magical Staves
 i - a staff of conjuration {!a}
 G - a staff of fire
 N - a staff of poison
Jewellery
 q - a +6 ring of intelligence
 t - the amulet of Lacoot (around neck) {RegenMP rC++}

   [amulet of magic regeneration]

   It increases your rate of magic regeneration.
   rC:        It greatly protects you from cold.
 E - a ring of ice
 O - a +4 ring of protection (left hand)
 R - a +4 ring of evasion (right hand)
Wands
 J - a wand of charming (10)
 V - a wand of flame (11)
Scrolls
 b - a scroll of acquirement {unknown}
 d - 2 scrolls of poison {unknown}
 e - 4 scrolls of identify {unknown}
 h - 3 scrolls of amnesia {unknown}
 k - 4 scrolls of vulnerability {unknown}
 n - 2 scrolls of enchant armour {unknown}
 o - a scroll of brand weapon {unknown}
 p - 2 scrolls of noise {unknown}
 s - 4 scrolls of teleportation {unknown}
 u - 4 scrolls of magic mapping
 v - 3 scrolls of blinking {unknown}
 y - 2 scrolls of immolation {unknown}
 K - a scroll of fear {unknown}
 M - 4 scrolls of enchant weapon {unknown}
 P - 4 scrolls of butterflies {unknown}
 T - a scroll of silence {unknown}
Potions
 a - a potion of resistance {unknown}
 c - 2 potions of attraction {unknown}
 f - a potion of invisibility {unknown}
 g - 2 potions of ambrosia {unknown}
 j - a potion of flight {unknown}
 m - 4 potions of curing {unknown}
 r - 3 potions of heal wounds {@q2}
 x - 3 potions of haste {@q3}
 z - 2 potions of might {unknown}
 C - a potion of mutation {unknown}
 D - 2 potions of brilliance {unknown}
 I - a potion of magic {unknown}
 Q - a potion of berserk rage {unknown}
 U - a potion of lignification {unknown}

Dungeon Overview and Level Annotations

Branches:
Dungeon (10/15)            Temple (1/1) D:6            Lair (0/5) D:9
 Bailey (1/1)
    Orc: D:9-12

Altars:
Ashenzari
Cheibriados
Dithmenos
Elyvilon
Gozag
Hepliaklqana
Okawaru
Trog
Uskayaw
Wu Jian
Xom
Yredelemnul
Zin

Shops:
D:10

* ....∩....≈≈≈≈≈≈≈♣♣
.........▒▒▒▒▒≈≈≈♣♣
▒.......▒▒...▒▒≈≈≈♣
▒▒.....▒▒.....▒▒≈≈♣
.▒▒'('▒▒...8...▒▒≈♣
..)(............▒▒♣
.................▒
(..........8..8.h▒
...............oR▒
▒▒▒...▒▒▒▒......▒▒
~~▒▒▒▒▒~~▒▒....▒▒♣
:!8...8![~▒...▒▒.♣
.........~▒'▒▒▒..♣♣
..8...8..~▒.~~~...♣
.........▒▒))~~...♣♣
....∩....~▒.~~~...∩♣
.........~▒.~~~...♣♣


You could see an orc warlord (ally target) and a friendly wolf (summoned).


Message History

A fulminant prism comes into view.
Your wolf bites the orc warlord but does no damage.
Your wolf bites the orc warlord but does no damage.
Your fulminant prism crackles loudly.
Your wolf bites the orc warlord but does no damage.
The orc warlord hits your wolf with a +5 battleaxe!!
Your wolf dies!
Your fulminant prism explodes!
The blast of energy engulfs the orc warlord!
The orc warlord is severely wounded.
The orc warlord shouts!
Aiming: Fulminant Prism (dangerous; 1% risk of failure)
You conjure a prism of explosive energy!
* * * LOW HITPOINT WARNING * * *
A fulminant prism comes into view.
Okay, then.
Your fulminant prism crackles loudly.
Your fulminant prism explodes!
The blast of energy engulfs the orc warlord!!
The orc warlord is almost dead.
Unknown command.
You hit the orc warlord but do no damage.
The orc warlord is almost dead.
Your wolf bites the orc warlord but does no damage.
The orc warlord hits you with a +5 battleaxe!
* * * LOW HITPOINT WARNING * * *
The orc warlord hits your wolf with a +5 battleaxe!!
Your wolf bites the orc warlord but does no damage.
The orc warlord hits you with a +5 battleaxe!!
You die...

Action                   |  1- 3 |  4- 6 |  7- 9 | 10-12 || total
-------------------------+-------+-------+-------+-------++-------
Melee: Unarmed           |    16 |       |       |       ||    16
       Spear             |    61 |   126 |    35 |       ||   222
       Lajatang          |       |       |    12 |       ||    12
       Flail             |       |       |     7 |       ||     7
       Hand axe          |       |       |       |   104 ||   104
       Punch             |       |       |       |     2 ||     2
 Cast: Summon Small Mamm |    18 |       |       |     1 ||    19
       Call Imp          |     7 |    13 |    13 |     6 ||    39
       Call Canine Famil |       |    10 |    14 |    27 ||    51
       Summon Lightning  |       |       |    13 |    30 ||    43
       Fulminant Prism   |       |       |       |    18 ||    18
  Use: Potion            |       |       |     2 |     1 ||     3
       Scroll            |       |       |       |     1 ||     1
 Stab: Sleeping          |     2 |     3 |     2 |     1 ||     8
       Distracted        |       |     2 |       |       ||     2
Armor: Robe              |    13 |    13 |    15 |    28 ||    69
Dodge: Dodged            |    58 |    53 |    54 |   108 ||   273

Levels and vault maps discovered:
D:1:      shiori_arrival_elements, layout_basic
D:2:      layout_basic
D:3:      layout_rooms, gammafunk_temple_overflow_wave, uniq_ijyb
D:4:      layout_cave_pools, uniq_eustachio, uniq_grinder
D:5:      layout_cave_pools, minmay_hollow_rounded_squares
D:6:      layout_loops_ring, okawaru_ov_weapons_minmay,
          minmay_temple_entry_junction, item_on_display_a
D:7:      layout_rooms, mainiacjoe_overflow_catwalk, uniq_duvessa
D:8:      layout_basic, nicolae_ashenzari_panopticon,
          nzn_overflow_gifts_of_might_and_magic, serial_aquarium,
          aquarium_bridge_straight [aquarium_subvault_bridge,
          aquarium_subvault_wall, aquarium_subvault_bridge,
          aquarium_subvault_wall], aquarium_window_3, aquarium_window_1,
          aquarium_window_1, aquarium_window_corner, aquarium_view_2a,
          kennysheep_nub, minmay_orc_keep
D:9:      layout_loops_corners, yredelemnul_forgotten_temple_becter,
          erik_lair_dragon, kennysheep_decorative_pillar, dk_vineyard_1
D:10:     layout_gridville, mainiacjoe_overflow_concentric_impassable,
          tso_oasis_becter, lemuel_coloured_pillars_altar,
          nicolae_gozag_zags_fifth_avenue, mainiacjoe_overflow_alcove_3,
          enter_bailey_2
Temple:   nicolae_temple_stand_before_the_council
Bailey:   bailey_axe_bossmonster_kennysheep, bailey

Notes
Turn   | Place    | Note
-------+----------+-------------------------------------------
     0 | D:1      | sanka the Djinni Summoner began the quest for the Orb.
     0 | D:1      | sanka set off with the following spells memorised: Summon
                  | Small Mammal, Call Imp, Call Canine Familiar, Summon
                  | Guardian Golem, Summon Lightning Spire.
     0 | D:1      | Reached XP level 1. HP: 15/15 MP: 0/0
   256 | D:1      | Reached XP level 2. HP: 13/21 MP: 0/0
   669 | D:1      | Reached XP level 3. HP: 24/25 MP: 0/0
   669 | D:1      | Learned a level 1 spell: Apportation
   747 | D:1      | Reached skill level 4 in Spellcasting
  1157 | D:2      | Reached XP level 4. HP: 31/31 MP: 0/0
  2096 | D:3      | Noticed Ijyb
  2249 | D:3      | Killed Ijyb
  2250 | D:3      | Reached XP level 5. HP: 29/35 MP: 0/0
  2250 | D:3      | Learned a level 2 spell: Passwall
  2363 | D:3      | Identified the amulet of Lacoot {RegenMP rC++}
  2406 | D:3      | Found an ornate altar of the Wu Jian Council.
  2406 | D:3      | Found a snail-covered altar of Cheibriados.
  2512 | D:3      | Reached skill level 5 in Spellcasting
  2518 | D:3      | HP: 3/35 [orc priest/divine providence (9)]
  2680 | D:3      | Reached XP level 6. HP: 31/40 MP: 0/0
  2991 | D:4      | Noticed Eustachio
  3004 | D:4      | Killed Eustachio
  3005 | D:4      | Reached skill level 6 in Spellcasting
  3005 | D:4      | Reached XP level 7. HP: 27/45 MP: 0/0
  3005 | D:4      | Learned a level 2 spell: Momentum Strike
  3166 | D:4      | Noticed Grinder
  3167 | D:4      | Paralysed by Grinder for 5 turns
  3177 | D:4      | Killed Grinder
  3178 | D:4      | Reached skill level 7 in Spellcasting
  3178 | D:4      | Reached XP level 8. HP: 46/50 MP: 0/0
  3643 | D:5      | Entered Level 5 of the Dungeon
  3710 | D:5      | Reached skill level 8 in Spellcasting
  3731 | D:5      | Reached skill level 1 in Fighting
  3811 | D:5      | Reached skill level 3 in Dodging
  3815 | D:5      | Reached skill level 2 in Fighting
  3818 | D:5      | Reached skill level 4 in Dodging
  3820 | D:5      | Identified a +0 robe of resistance
  3823 | D:5      | Reached XP level 9. HP: 44/59 MP: 0/0
  3823 | D:5      | Learned a level 3 spell: Teleport Other
  3832 | D:5      | Reached skill level 3 in Fighting
  4168 | D:5      | Found a large runed translucent door.
  4168 | D:5      | Found a large runed translucent door.
  4170 | D:5      | Noticed a hornet
  4205 | D:5      | Reached skill level 4 in Fighting
  4205 | D:5      | Reached skill level 5 in Dodging
  4390 | D:5      | Found a large runed translucent door.
  4390 | D:5      | Found a large runed translucent door.
  4700 | D:5      | Killed a hornet
  4701 | D:5      | Reached skill level 6 in Dodging
  4912 | D:6      | Reached skill level 5 in Fighting
  5090 | D:6      | You are sucked into a shaft and drop 1 floor!
  5100 | D:7      | Noticed Duvessa
  5103 | D:7      | Noticed Dowan
  5186 | D:6      | Reached skill level 7 in Dodging
  5190 | D:6      | Reached skill level 6 in Fighting
  5229 | D:6      | Found an iron altar of Okawaru.
  5338 | D:6      | Found a staircase to the Ecumenical Temple.
  5383 | Temple   | Entered the Ecumenical Temple
  5473 | D:6      | Reached XP level 10. HP: 72/72 MP: 0/0
  5799 | D:7      | Killed Dowan
  5800 | D:7      | Killed Duvessa
  5910 | D:7      | Reached skill level 8 in Dodging
  5923 | D:7      | Reached skill level 7 in Fighting
  5963 | D:7      | Found a white marble altar of Elyvilon.
  6412 | D:7      | Reached skill level 8 in Fighting
  6501 | D:8      | Found a broken altar of Ashenzari.
  7183 | D:8      | Reached skill level 9 in Spellcasting
  7183 | D:8      | Found a bloodstained altar of Trog.
  7886 | D:9      | Reached XP level 11. HP: 76/82 MP: 0/0
  7886 | D:9      | Learned a level 4 spell: Fulminant Prism
  7963 | D:9      | Upgraded the game from 0.30-a0-364-gf6b3ef1049 to
                  | 0.30-a0-365-ge7f957f1db
  8209 | D:9      | Reached skill level 9 in Dodging
  8358 | D:9      | Reached skill level 9 in Fighting
  8721 | D:9      | Found a staircase to the Lair.
  8743 | D:9      | Reached skill level 10 in Dodging
  8968 | D:9      | Found a basalt altar of Yredelemnul.
  9410 | D:10     | Entered Level 10 of the Dungeon
  9410 | D:10     | Found an opulent altar of Gozag.
  9414 | D:10     | Found Gozag's Platinum Reserve.
  9449 | D:10     | Found a flagged portal.
  9481 | Bailey   | Entered a bailey
  9487 | Bailey   | Noticed an orc warlord
  9615 | Bailey   | Found a runed translucent gate.
  9618 | Bailey   | Found a runed translucent gate.
  9620 | Bailey   | Found a runed translucent gate.
  9952 | Bailey   | Slain by an orc warlord

Vanquished Creatures
  A ynoxinul (D:8)
  A wyvern (D:9)
  An acid dragon (D:9)
  Duvessa (D:7)
  A water moccasin (D:7)
  A howler monkey (D:8)
  An electric eel (D:9)
  5 orc priests
  An iguana (D:7)
  2 adders
  2 gnolls
  3 worms
  3 dart slugs
  8 orcs
  3 endoplasms
  2 giant cockroaches (D:4)
  9 goblins
  6 hobgoblins
  12 kobolds
  A quokka (D:2)
  3 ball pythons
  3 bats
  2 frilled lizards (D:1)
  3 rats
  A spectral orc (D:9)
76 creatures vanquished.

Vanquished Creatures (collateral kills)
  A komodo dragon (D:9)
  A troll (D:8)
  2 hornets
  Grinder (D:4)
  A shadow (D:9)
  7 yaks (D:9)
  6 wyverns
  Eustachio (D:4)
  A steam dragon (D:9)
  A water moccasin (D:6)
  8 orc warriors
  2 sky beasts
  3 ice beasts
  6 ogres
  2 centaurs (D:5)
  A kobold brigand (D:7)
  2 gnoll sergeants
  A bullfrog (D:8)
  3 necrophages
  A wight (D:5)
  4 scorpions
  Dowan (D:7)
  4 howler monkeys
  A gnoll bouda (D:4)
  5 hounds
  4 orc priests
  Ijyb (D:3)
  5 iguanas
  8 orc wizards
  8 adders
  14 gnolls
  A shadow imp (D:7)
  A white imp (D:6)
  An ufetubus (D:5)
  3 worms
  2 dart slugs
  22 orcs
  4 endoplasms
  2 giant cockroaches (D:1)
  4 goblins
  4 hobgoblins
  5 quokkas
  3 ball pythons
  2 bats
  2 frilled lizards
  5 kobolds
  2 rats (D:2)
169 creatures vanquished.

Vanquished Creatures (others)
  18 fulminant prisms
18 creatures vanquished.

Grand Total: 263 creatures vanquished
